 Dungeon Crawl Stone Soup version 0.24.0-123-gd5b16e6ec5 (webtiles) character file.

Game seed: 9565115387624441754, levelgen mode: deterministic

394 Norian the Conjurer (level 6, -4/32 HPs)
             Began as a Deep Elf Conjurer on Dec 22, 2019.
             Slain by Purgy (9 damage)
             ... in a sewer.
             The game lasted 00:05:39 (2515 turns).

Norian the Conjurer (Deep Elf Conjurer)             Turns: 2515, Time: 00:05:39

Health: -4/32      AC:  2    Str:  7    XL:     6   Next: 51%
Magic:  0/17       EV: 13    Int: 20    God:
Gold:   171        SH:  0    Dex: 15    Spells: 9/18 levels left

rFire    . . .     SeeInvis .   k - +2 spear (freeze)
rCold    . . .     Gourm    .   (no shield)
rNeg     . . .     Faith    .   a - +0 robe
rPois    .         Spirit   .   (no helmet)
rElec    .         Reflect  .   (no cloak)
rCorr    .         Harm     .   (no gloves)
MR       .....                  (no boots)
Stlth    ++........             (no amulet)
HPRegen  0.10/turn              (no ring)
MPRegen  0.15/turn              (no ring)

@: very slightly contaminated, hasted, very quick
A: no striking features
a: no special abilities


You were in a sewer.
You were hungry.

You visited 1 branch of the dungeon, and saw 4 of its levels.
You also visited: Sewer.

You collected 171 gold pieces.

Inventory:

Hand Weapons
 k - a +2 spear of freezing (weapon)
 r - a +2 whip of electrocution
Armour
 a - a +0 robe (worn)
Magical Staves
 l - an uncursed staff of death
Jewellery
 e - a +2 ring of dexterity {unknown}
Wands
 m - a wand of acid (13)
 p - a wand of polymorph (8)
Scrolls
 d - a scroll of random uselessness {unknown}
 f - 2 scrolls of teleportation {unknown}
 g - 2 scrolls of identify {unknown}
 h - a scroll of remove curse {unknown}
 i - a scroll of fear {unknown}
Potions
 b - 2 potions of agility
 j - a potion of brilliance
Comestibles
 c - 6 rations


   Skills:
 - Level 2.4 Dodging
 - Level 2.4 Stealth
 + Level 6.6 Spellcasting
 + Level 6.6 Conjurations
 + Level 2.5 Hexes


You had 9 spell levels left.
You knew the following spells:

 Your Spells              Type           Power        Failure   Level  Hunger
a - Magic Dart            Conj           ####         1%          1    None
b - Iskenderun's Mystic   Conj           ####....     6%          4    ###....
c - Fulminant Prism       Conj/Hex       ###.......   16%         4    ###....

Your spell library contained the following spells:

 Spells                   Type           Power        Failure   Level  Hunger
 Searing Ray              Conj           ####..       1%          2    None
 Dazzling Spray           Conj/Hex       ###...       4%          3    #......
 Force Lance              Conj/Tloc      ###.....     26%         4    ###....


Dungeon Overview and Level Annotations

Branches:
Dungeon (4/15)              Sewer (1/1)
 Temple: D:4-7

Altars:
Cheibriados

Annotations:
Sewer Purgy


Message History

Aim: Purgy (severely wounded)
The orb of energy hits Purgy.
Purgy is almost dead.
The orb of energy explodes!
Purgy looks around nervously.
Purgy bites you. Purgy claws you. x2
Casting: Iskenderun's Mystic Blast (safe; 6% risk of failure)
Confirm with . or Enter, or press ? or * to list all spells.
Aiming: Magic Dart (safe; 1% risk of failure)
Press: ? - help, Shift-Dir - straight line, f/p - Purgy
Aim: Purgy (almost dead)
The magic dart hits Purgy but does no damage.
Purgy is almost dead.
Purgy bites you!
* * * LOW HITPOINT WARNING * * *
Purgy claws you.
* * * LOW HITPOINT WARNING * * *
Purgy claws you but does no damage.
It was a potion of haste.
You feel yourself speed up. Purgy bites you!
You die...

######### ## #.##.##.#
$# #.##.##.# .#
#+##+##'##'##'##T#
...............@.#
≈≈≈≈≈≈≈.≈≈≈≈≈≈≈≈≈#≈≈≈≈≈
≈≈≈≈≈≈≈∩≈≈≈≈≈≈≈≈≈#≈≈≈≈≈
≈≈≈≈≈≈≈.≈≈≈≈≈≈≈≈≈#≈≈≈≈≈
.................######
#+##+##.##+##+##+# #.#
#∩# ###


You could see Purgy.

Vanquished Creatures
  A scorpion (D:4)
  Terence (D:3)
  A worker ant (D:4)
  An iguana (D:4)
  6 gnolls
  2 river rats (D:4)
  13 adders
  An ooze (D:2)
  5 leopard geckos
  3 orcs (D:3)
  2 ball pythons
  6 giant cockroaches
  3 goblins
  10 hobgoblins
  8 bats
  2 frilled lizards (D:2)
  A jackal skeleton (D:4)
  7 kobolds
  7 rats
80 creatures vanquished.

Vanquished Creatures (others)
  2 fulminant prisms
2 creatures vanquished.

Grand Total: 82 creatures vanquished

Notes
Turn   | Place    | Note
-------+----------+-------------------------------------------
     0 | D:1      | Norian the Deep Elf Conjurer began the quest for the Orb.
     0 | D:1      | Reached XP level 1. HP: 10/10 MP: 6/6
   219 | D:1      | Reached XP level 2. HP: 15/15 MP: 4/8
   840 | D:2      | Reached skill level 5 in Conjurations
   840 | D:2      | Reached XP level 3. HP: 19/19 MP: 5/10
   952 | D:2      | Reached XP level 4. HP: 21/24 MP: 4/12
  1066 | D:2      | Reached skill level 5 in Spellcasting
  1193 | D:2      | Reached XP level 5. HP: 28/28 MP: 3/14
  1457 | D:2      | Found a snail-covered altar of Cheibriados.
  1648 | D:3      | Noticed Terence
  1664 | D:3      | Killed Terence
  1670 | D:3      | Learned a level 4 spell: Iskenderun's Mystic Blast
  1675 | D:3      | Learned a level 4 spell: Fulminant Prism
  1835 | D:3      | Reached skill level 1 in Hexes
  2145 | D:3      | Reached XP level 6. HP: 32/32 MP: 14/17
  2283 | D:4      | HP: 2/48 [poisoned by a worker ant]
  2406 | D:4      | Found a glowing drain.
  2461 | Sewer    | Entered a sewer
  2508 | Sewer    | Noticed Purgy
  2515 | Sewer    | Slain by Purgy

Levels and vault maps discovered:
D:1:      zaba_arrival_water, layout_basic
D:2:      layout_loops_ring, cheibriados_altar_1
D:3:      layout_rooms, first_ration, minmay_fractal_squares_gapless_5,
          uniq_terence
D:4:      layout_layer_cave, lightli_temple_of_fire, portal_sewer_entry_b,
          nemelex_diamond_rough_becter
Sewer:    kennysheep_door_sewer

Skill      XL: |  1  2  3  4  5  6 |
---------------+-------------------+-----
Spellcasting   | 4 5 6 |  6.6
Conjurations   | 5 6 |  6.6
Hexes          | 1 2 |  2.5
Dodging        | |  2.4
Stealth        | |  2.4

Action                   |  1- 3 |  4- 6 || total
-------------------------+-------+-------++-------
Melee: Unarmed           |       |     7 ||     7
       Spear             |       |    19 ||    19
 Cast: Magic Dart        |    51 |   127 ||   178
       Fulminant Prism   |       |     2 ||     2
       Iskenderun's Myst |       |     5 ||     5
  Use: Potion            |       |     5 ||     5
 Stab: Sleeping          |       |     2 ||     2
  Eat: Chunk             |       |     5 ||     5
Armor: Robe              |     2 |     5 ||     7
Dodge: Dodged            |     1 |    42 ||    43
